 Dungeon Crawl Stone Soup version 0.29.0-4-gdea44cf6ec (webtiles) character file.

Game seed: 6045299779257632321

280 qw the Chopper (level 6, -10/35 HPs)
             Began as a Tengu Warper on Aug 28, 2022.
             Was an Initiate of Okawaru.
             Mangled by a yak (12 damage)
             ... on level 5 of the Dungeon.
             The game lasted 00:00:24 (4142 turns).

qw the Chopper (Tengu Warper)                       Turns: 4142, Time: 00:00:24

Health: -10/35     AC:  8    Str: 20    XL:     6   Next: 27%
Magic:  10/10      EV:  9    Int: 13    God:    Okawaru [......]
Gold:   129        SH:  0    Dex: 13    Spells: 9/9 levels left

rFire   . . .      SeeInvis .   Y - +1 war axe
rCold   . . .      Faith    .   (no shield)
rNeg    . . .      Spirit   .   e - +0 chain mail
rPois   .          Reflect  .   (helmet restricted)
rElec   .          Harm     .   (no cloak)
rCorr   .          Rampage  .   (no gloves)
Will    .....                   (boots unavailable)
Stlth   ..........              (no amulet)
HPRegen 0.11/turn               f - +6 ring of strength
MPRegen 0.12/turn               (no ring)

@: flying quickly and evasively, quick
A: beak, talons 3, nimble flight
a: Renounce Religion


You were on level 5 of the Dungeon.
You worshipped Okawaru.
Okawaru was noncommittal.
You visited 1 branch of the dungeon, and saw 5 of its levels.

You collected 319 gold pieces.
You spent 190 gold pieces at shops.


Innate Abilities, Weirdness & Mutations

You have a beak for a mouth.
You have claws for feet.
Your magical nature lets you fly swiftly and evasively.


   Skills:
 - Level 2.0 Fighting
 + Level 6.7 Axes
 - Level 1.0 Throwing
 - Level 2.1 Armour
 - Level 2.1 Dodging
 - Level 2.0 Spellcasting
 - Level 2.4 Translocations


You had 9 spell levels left.
You didn't know any spells.
Your spell library contained the following spells:

 Spells                   Type           Power      Damage    Failure   Level
 Blink                    Tloc           14%        N/A       85%         2
 Gell's Gravitas          Tloc           7%         N/A       97%         3
 Lesser Beckoning         Tloc           7%         N/A       97%         3
 Teleport Other           Tloc           7%         N/A       97%         3
 Manifold Assault         Tloc           7%         N/A       100%        5

Inventory:

Hand Weapons
 j - a +0 whip
 Y - a +1 war axe (weapon)
Missiles
 i - a boomerang (quivered)
Armour
 e - a +0 chain mail (worn)
Jewellery
 f - a +6 ring of strength (left hand)
Scrolls
 a - 3 scrolls of enchant armour
 c - 2 scrolls of identify
 d - 2 scrolls of teleportation
 m - a scroll of immolation {unknown}
Potions
 b - 2 potions of cancellation
 g - 5 potions of curing
 h - a potion of magic
 k - a potion of might
 l - 2 potions of heal wounds

Dungeon Overview and Level Annotations

Branches:
Dungeon (5/15)
 Temple: D:4-7

Altars:
Cheibriados
Okawaru

Shops:
D:4 !*


Message History

You closely miss the orc. You peck the orc.
The orc is heavily wounded.
A yak comes into view.
The orc hits you with a +0 dagger.
You hit the orc but do no damage. Your kick misses the orc.
The orc is heavily wounded.
An orc comes into view. It is wielding a +0 trident.
The orc hits you but does no damage.
You hit the orc.
You kill the orc!
Okawaru accepts your kill.
A yak comes into view.
The yak moves out of view.
You slash the orc!
You kill the orc!
Okawaru accepts your kill.
A yak comes into view.
The yak bellows!
The yak gores you!
The yak moves out of view.
Items here: % )) [[.
You hit the yak but do no damage. You claw the yak, but do no damage.
The orc hits you but does no damage.
You slash the yak!
The yak is moderately wounded.
You hit the yak but do no damage. The yak gores you.
The orc hits you from afar with a +0 trident.
The yak gores you but does no damage.
You hit the yak. You peck the yak, but do no damage.
The yak is heavily wounded.
You hit the yak but do no damage. The yak gores you.
A yak comes into view.
The yak gores you but does no damage. The orc closely misses you.
You barely miss the yak.
The yak is heavily wounded.
The yak bellows!
You hit the yak. The yak gores you! x2
You die...

.......##.#..#
.......##....#
............[#
...........###
..###....## ..
#......##
#>..##..#
##..#..###
##.#@...#
#.YY..##
#..Yo.###
...#Y.).. ##
#..... Y..)...
...#....
....#.....


You could see 5 yaks and an orc.

Vanquished Creatures
  A hound (D:5)
  A gnoll bouda (D:4)
  2 iguanas
  Robin (D:3)
  4 adders
  An ufetubus (D:5)
  5 worms
  4 dart slugs
  6 orcs
  3 endoplasms
  4 giant cockroaches
  8 goblins
  9 hobgoblins
  8 jackals
  9 kobolds
  2 quokkas
  7 ball pythons
  7 bats
  5 frilled lizards
  4 rats
91 creatures vanquished.

Notes
Turn   | Place    | Note
-------+----------+-------------------------------------------
     0 | D:1      | qw the Tengu Warper began the quest for the Orb.
     0 | D:1      | Reached XP level 1. HP: 12/12 MP: 4/4
     0 | D:1      | 0 ||| qw: Version: 0.1-a-89-g26bdef1
     0 | D:1      | 0 ||| qw: Game counter: 1612
     0 | D:1      | 0 ||| qw: Always use a shield: true
     0 | D:1      | 0 ||| qw: God list: Okawaru
     0 | D:1      | 0 ||| qw: Allow faded altars: false
     0 | D:1      | 0 ||| qw: Do Orc after D:15 true
     0 | D:1      | 0 ||| qw: Do second Lair branch before Depths: true
     0 | D:1      | 0 ||| qw: Lair rune preference: random
     0 | D:1      | 0 ||| qw: Plans: Normal
     0 | D:1      | 0 ||| PLANNING D:1-11
   156 | D:1      | Reached skill level 3 in Axes
   156 | D:1      | Reached XP level 2. HP: 17/17 MP: 6/6
   209 | D:1      | 209 ||| DROPPING +0 club.
   793 | D:1      | 793 ||| UPGRADING to +0 ring mail.
   803 | D:1      | 803 ||| DROPPING +0 leather armour.
   804 | D:1      | 804 ||| UPGRADING to +0 scale mail.
   814 | D:1      | 814 ||| DROPPING +0 ring mail.
   815 | D:1      | 815 ||| READING scroll labelled SEATSU IGHIP.
   816 | D:1      | 816 ||| READING scroll labelled ATTIOT XOIP.
   817 | D:1      | 817 ||| READING scroll labelled GICIVIECEF.
   818 | D:1      | 818 ||| READING scroll labelled KYSYEP NOPHOAVU.
   822 | D:1      | 822 ||| READING scroll labelled DESUIBEROCW.
   823 | D:1      | 823 ||| READING scroll labelled IRIASM QETAM.
   824 | D:1      | 824 ||| DROPPING scroll of blinking.
   857 | D:2      | 857 ||| Stepping ~*~*~tactically~*~*~ (stealth).
   859 | D:2      | 859 ||| Stepping ~*~*~tactically~*~*~ (stealth).
  1030 | D:2      | Reached XP level 3. HP: 18/21 MP: 7/7
  1076 | D:2      | 1076 ||| Stepping ~*~*~tactically~*~*~ (stealth).
  1133 | D:2      | Reached skill level 4 in Axes
  1488 | D:2      | 1488 ||| SWAPPING to +0 war axe.
  1489 | D:2      | 1489 ||| DROPPING +0 hand axe.
  1504 | D:2      | 1504 ||| Stepping ~*~*~tactically~*~*~ (stealth).
  1732 | D:2      | 1732 ||| UPGRADING to +6 ring of strength.
  1733 | D:2      | 1733 ||| READING scroll labelled QEFEWK OLYAN.
  1734 | D:2      | 1734 ||| READING scroll labelled JUTEENUCWI.
  1735 | D:2      | 1735 ||| DRINKING 2 purple potions.
  1847 | D:3      | Reached XP level 4. HP: 26/26 MP: 8/8
  1894 | D:3      | Noticed Robin
  1899 | D:3      | Reached skill level 5 in Axes
  1901 | D:3      | Killed Robin
  2220 | D:3      | Found an iron altar of Okawaru.
  2228 | D:3      | Became a worshipper of Warmaster Okawaru
  2364 | D:3      | Found a snail-covered altar of Cheibriados.
  2396 | D:3      | Gained mutation: Your magical nature lets you fly swiftly
                  | and evasively. [Tengu growth]
  2396 | D:3      | Reached XP level 5. HP: 30/30 MP: 9/9
  2482 | D:3      | 2482 ||| UPGRADING to +0 chain mail.
  2492 | D:3      | 2492 ||| DROPPING +0 scale mail.
  2493 | D:3      | 2493 ||| DRINKING 2 amethyst potions.
  2494 | D:3      | 2494 ||| READING 4 scrolls of identify.
  2494 | D:3      | 2494 ||| IDENTIFYING ruby potion
  2495 | D:3      | 2495 ||| READING 3 scrolls of identify.
  2495 | D:3      | 2495 ||| IDENTIFYING sedimented sapphire potion
  2496 | D:3      | 2496 ||| READING 2 scrolls of identify.
  2496 | D:3      | 2496 ||| IDENTIFYING clear potion
  2497 | D:3      | 2497 ||| DROPPING potion of brilliance.
  2498 | D:3      | 2498 ||| DROPPING potion of flight.
  2581 | D:4      | Found Wianech's Mayhem Merchandise.
  2619 | D:4      | 2619 ||| Stepping ~*~*~tactically~*~*~ (hiding).
  2621 | D:4      | 2621 ||| Stepping ~*~*~tactically~*~*~ (hiding).
  2761 | D:4      | Found Ewovupt's Distillery.
  2770 | D:4      | 2770 ||| BUYING potion of cancellation (80 gold).
  2770 | D:4      | Bought a potion of cancellation for 80 gold pieces
  2770 | D:4      | 2770 ||| BUYING potion of curing (30 gold).
  2770 | D:4      | Bought a potion of curing for 30 gold pieces
  2770 | D:4      | 2770 ||| BUYING potion of curing (30 gold).
  2770 | D:4      | Bought a potion of curing for 30 gold pieces
  2770 | D:4      | 2770 ||| BUYING potion of heal wounds (50 gold).
  2770 | D:4      | Bought a potion of heal wounds for 50 gold pieces
  2770 | D:4      | 2770 ||| SHOPLISTING potion of mutation (80 gold, have 20).
  2770 | D:4      | 2770 ||| SHOPLISTING potion of resistance (100 gold, have
                  | 20).
  2873 | D:4      | 2873 ||| Stepping ~*~*~tactically~*~*~ (stealth).
  2883 | D:4      | 2883 ||| Stepping ~*~*~tactically~*~*~ (stealth).
  2914 | D:4      | 2914 ||| Stepping ~*~*~tactically~*~*~ (stealth).
  2921 | D:4      | Reached skill level 6 in Axes
  2961 | D:4      | 2961 ||| Stepping ~*~*~tactically~*~*~ (hiding).
  3838 | D:4      | 3838 ||| READING 3 scrolls of identify.
  3838 | D:4      | 3838 ||| IDENTIFYING sedimented white potion
  3839 | D:4      | 3839 ||| DROPPING potion of degeneration.
  3862 | D:5      | Entered Level 5 of the Dungeon
  3875 | D:5      | Reached XP level 6. HP: 20/35 MP: 10/10
  4131 | D:5      | Noticed a yak
  4134 | D:5      | Noticed a yak
  4136 | D:5      | Noticed a yak
  4138 | D:5      | Noticed a yak
  4141 | D:5      | Noticed a yak
  4142 | D:5      | HP: 2/35 [yak (9)]
  4142 | D:5      | Mangled by a yak

Levels and vault maps discovered:
D:1:      erik_arrival_triangle_small, layout_loops_cross, nicolae_wormholes
D:2:      layout_basic, minmay_diced_spiral
D:3:      layout_rooms, mainiacjoe_overflow_catch_the_wave, uniq_robin
D:4:      layout_basic, serial_shops, nicolae_shop_waterfront,
          minmay_shop_mayhem, reono_crystal_passage, minmay_starry_boxes
D:5:      layout_cave_pools, lightli_temple_of_fire, amcnicky_mini_pool_small,
          kennysheep_generic_room_7

Skill      XL: |  1  2  3  4  5 |
---------------+----------------+-----
Axes           | 3 4 5 6 |  6.7
Armour         | 2 |  2.1
Fighting       | |  2.0
Throwing       | |  1.0
Dodging        | |  2.1
Spellcasting   | |  2.0
Translocations | |  2.4

Action                   |  1- 3 |  4- 6 || total
-------------------------+-------+-------++-------
Melee: Hand axe          |    63 |       ||    63
       Kick              |    26 |    20 ||    46
       Peck              |     9 |    15 ||    24
       War axe           |    18 |    97 ||   115
       Punch             |       |     2 ||     2
Throw: Boomerang         |     7 |    30 ||    37
  Use: Scroll            |     8 |     4 ||    12
       Potion            |     1 |     1 ||     2
Armor: Leather armour    |     6 |       ||     6
       Scale mail        |    25 |    25 ||    50
       Chain mail        |       |    18 ||    18
Dodge: Dodged            |    31 |    35 ||    66

Table legend:
 A = Non-vault XP
 B = Vault XP
 C = Vault XP percentage of total XP
 D = Non-vault monster count
 E = Vault monster count
 F = Vault count percentage of total count
                 A         B        C        D         E       F
            +---------+---------+-------+---------+---------+-------
      Total |     263 |     137 |  34.2 |      67 |      24 |  26.4
            +---------+---------+-------+---------+---------+-------
        D:1 |      25 |       0 |   0.0 |      14 |       0 |   0.0
        D:2 |      40 |      11 |  21.6 |      14 |       5 |  26.3
        D:3 |      60 |      36 |  37.5 |      23 |      12 |  34.3
        D:4 |      25 |      90 |  78.3 |       8 |       7 |  46.7
        D:5 |     113 |       0 |   0.0 |       8 |       0 |   0.0
            +---------+---------+-------+---------+---------+-------
